 Dungeon Crawl Stone Soup version 0.28-a0-983-g1de4e0787c (webtiles) character file.

Game seed: 17634016766262914410

12 demibob the Poker (level 2, -1/24 HPs)
             Began as a Demonspawn Chaos Knight on Dec 3, 2021.
             Was a Plaything of Xom.
             Slain by a hog (shapeshifter) (6 damage)
             ... on level 1 of the Dungeon.
             The game lasted 00:01:14 (273 turns).

demibob the Poker (Demonspawn Chaos Knight)          Turns: 273, Time: 00:01:15

Health: -1/24      AC:  6    Str: 12    XL:     2   Next: 20%
Magic:  2/2        EV: 11    Int: 13    God:    Xom [.*....]
Gold:   14         SH:  0    Dex: 12    Spells: 1/1 levels left

rFire   . . .      SeeInvis .   a - +0 spear (chaos)
rCold   . . .      Faith    .   (no shield)
rNeg    . . .      Spirit   .   b - +2 leather armour
rPois   .          Reflect  .   (helmet restricted)
rElec   .          Harm     .   f - +0 cloak
rCorr   .          Rampage  .   (no gloves)
Will    .....                   (no boots)
Stlth   +.........              (no amulet)
HPRegen 0.08/turn               Z - ring of wizardry
MPRegen 0.08/turn               (no ring)

@: mighty
A: antennae 1
a: Renounce Religion


You were on level 1 of the Dungeon.
You worshipped Xom.
You were a plaything of Xom.
You visited 1 branch of the dungeon, and saw 1 of its levels.

You collected 14 gold pieces.


Innate Abilities, Weirdness & Mutations

You have a pair of small antennae on your head.


   Skills:
 - Level 3.0 Fighting
 + Level 3.3 Polearms
 - Level 1.7 Armour
 - Level 0.8 Dodging


You had one spell level left.
You didn't know any spells.
Your spell library contained the following spells:

 Spells                   Type           Power      Damage    Failure   Level
 Call Canine Familiar     Summ           0%         N/A       41%         3
 Portal Projectile        Hex/Tloc       0%         N/A       41%         3
 Leda's Liquefaction      Hex/Erth       0%         N/A       80%         4

Inventory:

Hand Weapons
 a - a +0 spear of chaos (weapon)
Armour
 b - a +2 leather armour (worn)
 f - a +0 cloak (worn)
Jewellery
 Z - a ring of wizardry (left hand)
Scrolls
 c - a scroll of identify {unknown}
 d - a scroll of blinking {unknown}

Dungeon Overview and Level Annotations

Branches:
Dungeon (1/15)

Altars:

▒▒...........#.#.######
▒..............#.#
.#.######......#.# .#.#
#......# .#.# #...b..#
.#.# #.###.#..# .#.#
........# .#.#
#####..#h## ##.#
........@.# ######bb#.#
.b..b.... #####b#..#.#
#.##.# # #.. .. ## ...
... .# ... #..# .


You could see a hog shaped shifter (ally target).


Message History

You closely miss the cane toad.
The cane toad changes into a tarantella!
You hit the tarantella but do no damage.
Space warps around the tarantella.
The tarantella is lightly wounded.
The tarantella barely misses you.
You hit the tarantella.
The tarantella appears confused.
The tarantella is moderately wounded.
The tarantella touches you but does no damage.
You hit the tarantella but do no damage.
The tarantella changes into a shapeshifter!
The shapeshifter changes into a harpy!
You barely miss the harpy. The harpy misses you. The harpy claws you.
You hit the harpy but do no damage. The harpy claws you!
Ouch! That really hurt!
* * * LOW HITPOINT WARNING * * *
A shower of butterflies erupts from you!
The harpy claws you.
* * * LOW HITPOINT WARNING * * *
The harpy completely misses your butterfly.
The harpy barely misses your butterfly.
Enter note: what It was a potion of might.
You feel very mighty all of a sudden.
Xom thinks this is hilarious!
The harpy screeches!
The harpy changes into a hog!
You barely miss the hog. The hog bites you.
You die...
Xom guffaws!

Skill      XL: |  1 |
---------------+----+-----
Polearms       | 3 |  3.3
Fighting       | |  3.0
Armour         | |  1.7
Dodging        | |  0.8

Action                   || total
-------------------------++-------
Melee: Spear             ||    42
  Use: Potion            ||     1
Armor: Leather armour    ||    23
Dodge: Dodged            ||    27

Levels and vault maps discovered:
D:1:      onia_arrival_mini_maze_b, layout_basic, shapermc_ecumenical_altar_gd,
          minivault_14, st_stairs_8, nicolae_figureground_sparkle

Notes
Turn   | Place    | Note
-------+----------+-------------------------------------------
     0 | D:1      | demibob the Demonspawn Chaos Knight began the quest for the
                  | Orb.
     0 | D:1      | Reached XP level 1. HP: 18/18 MP: 1/1
    80 | D:1      | XOM: silly message
   110 | D:1      | Reached skill level 3 in Polearms
   186 | D:1      | Found a faded altar of an unknown god.
   209 | D:1      | Gained mutation: You have a pair of small antennae on your
                  | head. [demonic ancestry]
   209 | D:1      | Reached XP level 2. HP: 24/24 MP: 2/2
   265 | D:1      | Noticed a shapeshifter
   265 | D:1      | a bat changed into a shapeshifter
   265 | D:1      | Noticed a cane toad
   265 | D:1      | a shapeshifter changed into a cane toad
   266 | D:1      | Noticed a tarantella
   266 | D:1      | a cane toad changed into a tarantella
   269 | D:1      | Noticed a shapeshifter
   269 | D:1      | a tarantella changed into a shapeshifter
   269 | D:1      | Noticed a harpy
   269 | D:1      | a shapeshifter changed into a harpy
   271 | D:1      | XOM: butterfly on damage
   272 | D:1      | >>what
   272 | D:1      | Noticed a hog
   272 | D:1      | a harpy changed into a hog
   273 | D:1      | Slain by a hog (shapeshifter)

Vanquished Creatures
  A ball python (D:1)
  A giant cockroach (D:1)
  A goblin (D:1)
  A hobgoblin (D:1)
  4 bats (D:1)
  2 frilled lizards (D:1)
  A kobold (D:1)
11 creatures vanquished.

Table legend: (Time is in decaauts)
 A = Elapsed time spent in this place.
 B = Non-inter-level travel time spent in this place.
 C = Inter-level travel time spent in this place.
 D = Time resting spent in this place.
 E = Time spent auto-exploring this place.
 F = Levels seen in this place.
 G = Mean time per level.
                   A        B        C        D        E       F      G
               +--------+--------+--------+--------+--------+-----+--------+
         Total |    270 |    270 |      0 |      0 |    184 |   1 |  270.0 |
       Dungeon |    270 |    270 |      0 |      0 |    184 |   1 |  270.0 |
               +--------+--------+--------+--------+--------+-----+--------+

Top non-repeatable levels by time:
     D:1: 270 daAuts

Table legend:
 A = Non-vault XP
 B = Vault XP
 C = Vault XP percentage of total XP
 D = Non-vault monster count
 E = Vault monster count
 F = Vault count percentage of total count
                 A         B        C        D         E       F
            +---------+---------+-------+---------+---------+-------
      Total |      15 |       3 |  16.7 |       9 |       2 |  18.2
            +---------+---------+-------+---------+---------+-------
        D:1 |      15 |       3 |  16.7 |       9 |       2 |  18.2
            +---------+---------+-------+---------+---------+-------
